 Dungeon Crawl Stone Soup version 0.22-a0-271-gc000056 (webtiles) character file.

100 grindst0ne the Shield-Bearer (level 5, 0/42 HPs)
             Began as a Formicid Fighter on Mar 10, 2018.
             Was an Initiate of the Shining One.
             Slain by Paulus's ghost (13 damage)
             ... on level 3 of the Dungeon.
             The game lasted 00:02:09 (1632 turns).

grindst0ne the Shield-Bearer (Formicid Fighter)     Turns: 1632, Time: 00:02:10

Health: 0/42       AC:  6    Str: 21    XL:     5   Next: 3%
Magic:  5/5        EV:  8    Int:  8    God:    the Shining One [......]
Gold:   98         SH: 10    Dex: 10    Spells: 4/4 levels left

rFire    . . .     SeeInvis +   a - +0 war axe
rCold    . . .     Gourm    .   c - +0 shield
rNeg     . . .     Faith    .   b - +0 scale mail
rPois    .         Spirit   .   (helmet unavailable)
rElec    .         Reflect  .   (no cloak)
rCorr    .         Harm     .   (no gloves)
MR       .....                  (no boots)
Stlth    ..........             o - amulet of the acrobat
HPRegen  0.14/turn              (no ring)
MPRegen  0.09/turn              (no ring)

@: glowing
A: permanent stasis, dig shafts and tunnels, four strong arms, antennae 3
a: Dig, Shaft Self, Renounce Religion


You were on level 3 of the Dungeon.
You worshipped the Shining One.
The Shining One was noncommittal.
You were not hungry.

You visited 1 branch of the dungeon, and saw 3 of its levels.

You collected 98 gold pieces.

Inventory:

Hand Weapons
 a - a +0 war axe (weapon)
Armour
 b - a +0 scale mail (worn)
 c - a +0 shield (worn)
Jewellery
 o - an amulet of the acrobat (around neck)
Scrolls
 g - a scroll of random uselessness {unknown}
 h - a scroll of noise {unknown}
 j - 5 scrolls of identify {unknown}
 k - a scroll of enchant armour {unknown}
 m - a scroll of magic mapping {unknown}
 p - a scroll of teleportation {unknown}
 q - a scroll of remove curse {unknown}
 s - a scroll of fog {unknown}
Potions
 d - 2 potions of might
 e - a potion of invisibility {unknown}
 i - a potion of flight {unknown}
 n - a potion of lignification {unknown}
 r - 2 potions of brilliance {unknown}
Comestibles
 f - 3 rations
 l - a chunk of flesh


   Skills:
 + Level 4.1 Fighting
 + Level 2.9 Axes
 - Level 3.2 Armour
 * Level 5.2 Shields


You had 4 spell levels left.
You didn't know any spells.

Dungeon Overview and Level Annotations

Branches:
Dungeon (3/15)

Altars:
Fedhas
Makhleb
Nemelex Xobeh
Vehumet
The Shining One

Annotations:
D:3 Paulus's ghost, amateur NaFi


Innate Abilities, Weirdness & Mutations

You cannot be hasted, slowed, berserked, paralysed or teleported.
You can dig through walls and to a lower floor.
Your four strong arms can wield two-handed weapons with a shield.
You have a pair of large antennae on your head. (SInv)


Message History

You kill the rat!
You slash Paulus's ghost! You block Paulus's ghost's attack. x2
Paulus's ghost says, "There is no future for me!"
Paulus's ghost hits you but does no damage.
You barely miss Paulus's ghost.
Paulus's ghost is lightly damaged.
You block Paulus's ghost's attack.
Paulus's ghost shouts, "There is no future for me!"
Paulus's ghost barely misses you.
There is a stone staircase leading up here.
You hit Paulus's ghost.
Paulus's ghost is moderately damaged.
Paulus's ghost hits you.
Your shield prevents you from hitting Paulus's ghost.
Paulus's ghost is moderately damaged.
Paulus's ghost hits you! Paulus's ghost hits you.
You barely miss Paulus's ghost.
Paulus's ghost is moderately damaged.
Paulus's ghost hits you!
You die...

# ################
..
..............###.(
.. ...
#.#..@......# #. ..
##.#.W##.#####
##.#. #.....##.#
..#....##.>#.###.#
_)....††...#.###.#
..#..#)..........#
##.......#######
#........#
..........#


You could see Paulus's ghost.

Vanquished Creatures
  Jessica (D:2)
  4 dart slugs
  2 leopard geckos (D:1)
  An orc (D:3)
  2 ball pythons (D:2)
  3 bats (D:1)
  4 giant cockroaches
  3 goblins
  8 hobgoblins
  9 jackals (D:1)
  5 kobolds
  A quokka (D:3)
  2 frilled lizards (D:1)
  10 rats
55 creatures vanquished.

Notes
Turn   | Place    | Note
-------+----------+-------------------------------------------
     0 | D:1      | grindst0ne the Formicid Fighter began the quest for the Orb.
     0 | D:1      | Reached XP level 1. HP: 18/18 MP: 1/1
   137 | D:1      | Reached XP level 2. HP: 16/24 MP: 2/2
   137 | D:1      | Reached skill level 4 in Shields
   277 | D:1      | Reached XP level 3. HP: 18/29 MP: 3/3
  1026 | D:2      | Found a sparkling altar of Nemelex Xobeh.
  1026 | D:2      | Found a glowing golden altar of the Shining One.
  1061 | D:2      | Became a worshipper of the Shining One
  1073 | D:2      | Found a burning altar of Makhleb.
  1260 | D:2      | Reached XP level 4. HP: 32/37 MP: 4/4
  1263 | D:2      | Found a blossoming altar of Fedhas.
  1321 | D:2      | Noticed Jessica
  1324 | D:2      | Killed Jessica
  1324 | D:2      | Reached skill level 5 in Shields
  1611 | D:3      | Noticed Paulus's ghost (amateur NaFi)
  1611 | D:3      | Found a radiant altar of Vehumet.
  1615 | D:3      | Reached XP level 5. HP: 33/42 MP: 5/5
  1632 | D:3      | Slain by Paulus's ghost

Vault maps used:
D:1:      saegor_arrival_miasma
D:2:      lemuel_crystal_altar, lemuel_doored_altar,
          chequers_temple_overflow_statue_of_worship, first_ration,
          minmay_distorted, uniq_jessica
D:3:      vehumet_crystals, nicolae_overflow_crystal_walls,
          chequers_ecumenical_altar_twisty

Skill      XL: |  1  2  3  4 |
---------------+-------------+-----
Shields        | 4 5 |  5.2
Fighting       | 4 |  4.1
Axes           | |  2.9
Armour         | |  3.2

Action                   |  1- 3 |  4- 6 || total
-------------------------+-------+-------++-------
Melee: War axe           |   131 |    50 ||   181
  Eat: Chunk             |     1 |     2 ||     3
Armor: Scale mail        |    81 |    13 ||    94
Dodge: Dodged            |    52 |    20 ||    72
Block: Shield            |    77 |    29 ||   106

Table legend:
 A = Spawn XP
 B = Non-spawn XP
 C = Spawn XP percentage of total XP
 D = Spawn monster count
 E = Non-spawn monster count
 F = Spawn count percentage of total count
 G = Total turns spent on level
                    A         B        C        D         E        F      G
               +---------+---------+-------+---------+---------+-------+---------
         Total |       0 |     143 |   0.0 |       0 |      55 |   0.0 |  1632
               +---------+---------+-------+---------+---------+-------+---------
           D:1 |       0 |      53 |   0.0 |       0 |      28 |   0.0 |  1017
           D:2 |       0 |      78 |   0.0 |       0 |      22 |   0.0 |   575
           D:3 |       0 |      12 |   0.0 |       0 |       5 |   0.0 |    40
               +---------+---------+-------+---------+---------+-------+---------
